Map: Traitor's Exile

Players

Lua

  • Race: Zerg Zerg
  • League: Platinum
  • Spawn Location: 5:00

Warburgur

  • Race: Zerg Zerg
  • League: Platinum
  • Spawn Location: 6:00

Metasapien

  • Race: Zerg Zerg
  • League: Platinum
  • Spawn Location: 12:00

Kswiss

  • Race: Protoss Protoss
  • League: Silver
  • Spawn Location: 9:00

VOD

Have the link to the VOD?

Description

Time

  • Played on: Sept. 23, 2017, 2:28 a.m.
  • Length: 10:30
Show
View Real Time Build Order
Export as new Build Order

Lua Zerg 

Build Orders: Hatch First 

Get SALT Encoding   

  12  0:01  Drone  
  13  0:14  Overlord  
  13  0:18  Drone  
  14  0:40  Drone x3  
  17  1:00  Drone  
  17  1:02  Hatchery  
  17  1:03  Drone  
  18  1:08  Extractor  
  17  1:19  Spawning Pool  
  16  1:28  Drone x2  
  18  1:44  Drone  
  18  1:47  Drone  
  20  1:57  Overlord  
  20  2:06  Queen  
  22  2:15  Zergling x2  
  23  2:17  Zergling x2  
  23  2:21  Zergling x2  
  25  2:22  Queen  
  25  2:25  Drone  
  28  2:31  Drone  
  29  2:47  Drone x3  
  32  2:52  Drone  
  33  3:03  Metabolic Boost  
  33  3:07  Drone  
  33  3:08  Drone  
  33  3:09  Overlord  
  35  3:15  Drone  
  34  3:32  Zergling x10  
  39  3:34  Queen x2  
  43  3:42  Zergling x2  
  43  3:45  Overlord  
  44  3:56  Overlord x2  
  43  4:08  Drone x5  
  46  4:22  Roach Warren, Lair  
  45  4:25  Extractor  
  45  4:29  Extractor x2  
  42  4:35  Zergling x12  
  48  4:48  Drone  
  48  4:49  Drone x3  
  52  5:06  Zergling x12  
  57  5:20  Drone x4  
  53  5:30  Spore Crawler  
  53  5:31  Spore Crawler  
  53  5:33  Glial Reconstitution  
  53  5:34  Roach x3  
  57  5:44  Spore Crawler  
  57  5:46  Spore Crawler  
  57  5:47  Drone x2  
  52  6:21  Overlord x2  
  52  6:22  Overlord x3  
  44  6:28  Overlord x2  
  44  6:32  Overlord  
  44  6:39  Queen x2  
  48  6:48  Roach  
  48  6:49  Roach x8  
  66  6:56  Hydralisk Den  
  66  7:00  Evolution Chamber  
  64  7:11  Roach x6  
  76  7:21  Ravager x7  
  76  7:22  Ravager x2  
  85  7:45  Hydralisk x4  
  93  8:01  Drone x6  
  99  8:08  Hatchery  
  98  8:12  Overlord  
  98  8:13  Overlord  
  96  8:45  Roach x9  
  114  9:15  Drone  
  114  9:16  Overlord x5  
  115  9:31  Hydralisk x3  
Show
View Real Time Build Order
Export as new Build Order

Warburgur Zerg 

Build Orders: Pool First 

Get SALT Encoding   

  12  0:01  Drone  
  13  0:08  Drone  
  14  0:14  Extractor  
  14  0:16  Drone  
  15  0:23  Overlord  
  15  0:43  Spawning Pool  
  15  0:46  Drone x2  
  16  0:55  Extractor  
  16  0:57  Drone  
  16  1:00  Overlord  
  16  1:16  Drone  
  17  1:32  Queen  
  19  1:34  Zergling x4  
  21  1:42  Zergling x2  
  22  2:05  Metabolic Boost  
  22  2:07  Hatchery  
  22  2:08  Drone x2  
  24  2:30  Drone x2  
  24  2:34  Extractor  
  24  2:37  Pneumatized Carapace  
  25  2:58  Drone x4  
  27  3:10  Zergling x2  
  28  3:26  Zergling x10  
  32  3:43  Zergling x6  
  33  3:54  Baneling Nest  
  31  4:21  Queen  
  31  4:22  Drone x3  
  31  4:23  Overlord  
  31  4:24  Overlord  
  33  4:39  Baneling  
  33  4:40  Baneling  
  32  4:51  Baneling x3  
  29  5:17  Zergling x14  
  36  5:23  Lair  
  36  5:27  Drone  
  37  5:29  Drone  
  38  5:40  Spore Crawler  
  38  5:41  Spore Crawler  
  35  5:55  Baneling x2  
  31  6:21  Queen  
  31  6:24  Queen  
  35  6:31  Hydralisk Den  
  32  7:03  Overlord  
  32  7:04  Overlord x5  
  32  7:27  Hydralisk  
  32  7:28  Hydralisk x16  
  66  7:47  Muscular Augments  
  66  7:57  Hatchery  
  65  9:11  Hydralisk x5  
  75  9:28  Hatchery  
  71  9:40  Spore Crawler  
  71  9:42  Spore Crawler  
  67  9:51  Spore Crawler  
Show
View Real Time Build Order
Export as new Build Order

Metasapien Zerg 

Build Orders: Pool First 

Get SALT Encoding   

  12  0:01  Drone  
  13  0:23  Spawning Pool  
  13  0:26  Drone  
  13  0:30  Extractor  
  13  0:34  Drone  
  13  0:39  Drone  
  14  0:44  Extractor  
  14  0:45  Drone  
  15  0:53  Overlord  
  15  1:24  Drone  
  16  1:26  Hatchery  
  16  1:31  Drone  
  16  1:35  Drone  
  17  1:42  Metabolic Boost  
  17  1:51  Drone  
  18  1:57  Overlord  
  18  2:06  Queen  
  20  2:12  Drone  
  20  2:14  Drone  
  22  2:20  Zergling x2  
  23  2:29  Drone  
  24  2:30  Spine Crawler  
  23  2:39  Queen  
  23  2:42  Drone  
  26  2:55  Zergling x6  
  29  3:04  Zergling x4  
  27  3:12  Zergling x4  
  28  3:21  Drone  
  28  3:26  Zergling x6  
  32  3:39  Zergling x4  
  32  3:48  Zergling x4  
  32  4:01  Zergling x8  
  31  4:18  Drone x4  
  31  4:30  Drone  
  32  4:34  Queen  
  32  4:36  Spine Crawler  
  31  4:42  Spine Crawler  
  29  4:46  Zergling x6  
  32  4:57  Drone, Roach Warren  
  23  5:20  Drone x4  
  23  5:21  Drone x2  
  28  5:28  Zergling x4  
  28  5:31  Queen  
  31  5:37  Lair  
  31  5:38  Extractor  
  31  5:40  Drone  
  31  5:49  Zergling x2  
  31  5:50  Zergling x4  
  32  5:58  Zergling x4  
  32  6:10  Zergling x8  
  26  6:29  Drone x2  
  26  6:32  Drone x2  
  29  6:35  Roach x2  
  32  6:48  Extractor  
  32  6:50  Drone x2  
  32  6:51  Drone  
  32  6:52  Overlord, Drone  
  35  7:09  Overlord  
  35  7:15  Drone x3  
  37  7:16  Drone  
  37  7:17  Overlord  
  39  7:28  Hatchery  
  38  7:39  Drone x2  
  38  7:42  Queen  
  42  7:48  Drone x2  
  42  7:51  Drone x3, Extractor  
  47  7:52  Drone  
  47  7:56  Glial Reconstitution  
  47  8:01  Hydralisk Den  
  47  8:03  Drone  
  47  8:10  Spine Crawler  
  47  8:12  Roach x3  
  32  8:43  Roach x2  
  28  8:51  Drone  
  27  9:05  Queen  
  10  9:11  Drone  
  10  9:13  Drone  
  9  9:19  Spawning Pool  
  8  9:24  Drone  
  7  9:34  Drone  
  8  9:47  Drone  
  9  9:55  Drone  
  10  10:11  Drone  
  11  10:16  Drone  
Show
View Real Time Build Order
Export as new Build Order

Kswiss Protoss 

Build Orders:  

Get SALT Encoding   

  12  0:03  Probe (Chrono Boost)  
  13  0:14  Probe (Chrono Boost)  
  14  0:32  Pylon  
  15  0:35  Probe (Chrono Boost)  
  15  0:50  Probe (Chrono Boost)  
  15  0:54  Gateway  
  16  0:57  Forge  
  16  1:01  Probe (Chrono Boost)  
  17  1:11  Probe (Chrono Boost)  
  17  1:12  Assimilator  
  18  1:22  Probe (Chrono Boost)  
  20  1:32  Probe (Chrono Boost)  
  20  1:33  Photon Cannon  
  20  1:37  Pylon  
  20  1:49  Pylon  
  20  1:55  Photon Cannon  
  20  2:05  Cybernetics Core  
  20  2:06  Zealot  
  22  2:20  Photon Cannon  
  22  2:25  Probe (Chrono Boost), Assimilator  
  23  2:34  Zealot  
  23  2:36  Probe (Chrono Boost)  
  26  2:50  Stargate  
  26  2:54  Pylon  
  26  3:16  Zealot  
  28  3:37  Void Ray (Chrono Boost)  
  32  3:51  Probe  
  32  3:52  Nexus  
  33  4:03  Probe  
  30  4:15  Void Ray (Chrono Boost)  
  32  4:32  Pylon  
  32  4:45  Stargate  
  32  4:49  Pylon  
  32  4:52  Void Ray (Chrono Boost)  
  36  5:00  Photon Cannon  
  36  5:08  Photon Cannon  
  36  5:31  Void Ray (Chrono Boost)  
  40  6:01  Photon Cannon  
  40  6:05  Probe, Photon Cannon  
  40  6:06  Photon Cannon  
  41  6:16  Probe  
  38  6:26  Probe  
  39  6:37  Probe  
  39  7:06  Void Ray (Chrono Boost)  
  47  7:12  Void Ray (Chrono Boost)  
  43  7:37  Probe  
  43  7:40  Fleet Beacon  
  43  7:42  Assimilator  
  44  7:45  Assimilator  
  44  7:47  Probe  
  44  7:48  Probe  
  46  7:52  Protoss Air Weapons Level 1 (Chrono Boost)  
  46  7:56  Protoss Shields Level 1  
  46  7:58  Probe  
  46  7:59  Probe  
  46  8:02  Phoenix x2  
  52  8:09  Probe  
  52  8:11  Probe  
  52  8:12  Pylon  
  54  8:13  Pylon  
  54  8:19  Probe  
  54  8:23  Probe  
  56  8:35  Probe  
  55  8:54  Void Ray  
  55  8:55  Void Ray  
  63  9:05  Photon Cannon  
  63  9:18  Robotics Facility  
  63  9:44  Void Ray x2  
Tags
 
Add a new tag
Caveats
  • Supply blocks, unpowered buildings, or Contaminate may cause inaccurate times.
  • Supply counts are checked every 10 seconds.